 Dungeon Crawl Stone Soup version 0.23.1 (webtiles) character file.

Game seed: 12261959613617835809

217 Freyura the Skirmisher (level 5, -5/33 HPs)
             Began as a Gargoyle Fighter on Mar 17, 2019.
             Killed from afar by an orc wizard (7 damage)
             ... with a puff of flame
             ... on level 3 of the Dungeon.
             The game lasted 00:07:19 (1469 turns).

Freyura the Skirmisher (Gargoyle Fighter)           Turns: 1469, Time: 00:07:20

Health: -5/33      AC: 11    Str: 25    XL:     5   Next: 94%
Magic:  5/5        EV:  7    Int:  8    God:
Gold:   67         SH:  0    Dex: 10    Spells: 4/4 levels left

rFire    . . .     SeeInvis .   a - +0 flail
rCold    . . .     Gourm    .   c - +0 shield
rNeg     + . .     Faith    .   b - +0 scale mail
rPois    ∞         Spirit   .   (no helmet)
rElec    +         Reflect  .   (no cloak)
rCorr    .         Harm     .   (no gloves)
MR       .....                  (no boots)
Stlth    ..........             (no amulet)
HPRegen  0.11/turn              (no ring)
MPRegen  0.09/turn              (no ring)

@: confused, mighty
A: negative energy resistance 1, electricity resistance, unbreathing,
petrification resistance, rot immunity, AC +4
a: no special abilities


You were on level 3 of the Dungeon.
You were hungry.

You visited 1 branch of the dungeon, and saw 3 of its levels.

You collected 67 gold pieces.

Inventory:

Hand Weapons
 a - a +0 flail (weapon)
Armour
 b - a +0 scale mail (worn)
 c - a +0 shield (worn)
Scrolls
 g - 2 scrolls of enchant armour {unknown}
 h - a scroll of identify {unknown}
 i - a scroll of remove curse {unknown}
 j - a scroll of noise {unknown}
 k - a scroll of teleportation {unknown}
 n - a scroll of magic mapping {unknown}
Potions
 d - a potion of might
 e - a potion of agility {unknown}
 l - a potion of ambrosia {unknown}
 m - a potion of mutation {unknown}
 o - 2 potions of resistance {unknown}
 p - 2 potions of haste {unknown}
Comestibles
 f - 3 rations


   Skills:
 + Level 4.3 Fighting
 * Level 4.0 Maces & Flails
 + Level 4.2 Armour
 + Level 4.3 Shields


You had 4 spell levels left.
You didn't know any spells.
Your spell library was empty.

Dungeon Overview and Level Annotations

Branches:
Dungeon (2/15)

Altars:


Innate Abilities, Weirdness & Mutations

You are resistant to torment.
Your stone body is resilient. (AC +4)
You are immune to poison.
You resist negative energy. (rN+)
You are resistant to electric shocks. (rElec)
You can survive without breathing.
You are immune to petrification.
You are immune to rotting.


Message History

You closely miss something. You block something's attack.
Something hits you but does no damage.
You miss something. Something completely misses you.
Your shield and scale mail prevent you from hitting something.
Something hits you but does no damage.
You miss something.
An orc wizard appears from thin air!
Reactivating autopickup.
You block the orc wizard's attack.
The orc wizard hits you with a +0 dagger.
* * * LOW HITPOINT WARNING * * *
You closely miss the orc wizard.
The orc wizard is heavily wounded.
The orc wizard hits you but does no damage.
You closely miss the orc wizard.
The orc wizard is heavily wounded.
The orc wizard casts a spell at you.
You are confused.
The orc wizard gestures at you while chanting.
The puff of flame hits you!
You die...

## .##
########..#
##.........+
##..........#
#.#$..........#
..#⌠...[o.@...#
#.#$..))......#
##.........##
##........#
########.# .#
##


You could see an orc wizard.

Vanquished Creatures
  2 orc priests (D:3)
  4 adders (D:2)
  5 gnolls (D:2)
  A worm (D:2)
  A dart slug (D:1)
  3 leopard geckos
  3 orcs (D:3)
  12 bats
  A giant cockroach (D:2)
  5 goblins
  7 hobgoblins
  3 jackals (D:1)
  5 kobolds
  4 quokkas (D:2)
  2 frilled lizards (D:2)
  10 rats
  A plant (D:2)
69 creatures vanquished.

Vanquished Creatures (others)
  A plant (D:2)
1 creature vanquished.

Grand Total: 70 creatures vanquished

Notes
Turn   | Place    | Note
-------+----------+-------------------------------------------
     0 | D:1      | Freyura the Gargoyle Fighter began the quest for the Orb.
     0 | D:1      | Reached XP level 1. HP: 14/14 MP: 1/1
    63 | D:1      | Reached XP level 2. HP: 18/19 MP: 2/2
   230 | D:1      | Reached XP level 3. HP: 14/23 MP: 3/3
   984 | D:2      | Reached XP level 4. HP: 28/29 MP: 4/4
  1183 | D:2      | Reached XP level 5. HP: 16/33 MP: 5/5
  1429 | D:2      | You fall through a shaft!
  1469 | D:3      | Killed from afar by an orc wizard

Skill      XL: |  1  2  3  4  5 |
---------------+----------------+-----
Maces & Flails | 3 4 |  4.0
Fighting       | 4 |  4.3
Armour         | 4 |  4.2
Shields        | 4 |  4.3

Action                   |  1- 3 |  4- 6 || total
-------------------------+-------+-------++-------
Melee: Flail             |   136 |   126 ||   262
  Use: Potion            |       |     2 ||     2
  Eat: Chunk             |       |     2 ||     2
Armor: Scale mail        |    90 |   101 ||   191
Dodge: Dodged            |    55 |    41 ||    96
Block: Shield            |    93 |    86 ||   179
